 Dungeon Crawl Stone Soup version 0.20-a0-449-g96be121 (webtiles) character file.

1003 Da5id the Changer (level 8, -2/64 HPs)
             Began as a Naga Transmuter on Jan 7, 2017.
             Was a Follower of Okawaru.
             Shot with an arrow by a centaur (11 damage)
             ... on level 6 of the Dungeon.
             The game lasted 00:11:05 (5499 turns).

Da5id the Changer (Naga Transmuter)                 Turns: 5499, Time: 00:11:06

Health: -2/64      AC:  2    Str: 14    XL:     8   Next: 20%
Magic:  12/15      EV: 19    Int: 15    God:    Okawaru [*.....]
Gold:   120        SH:  0    Dex: 16    Spells: 9/17 levels left

rFire  . . .     SeeInvis +       - Unarmed
rCold  . . .     Gourm    .     (armour currently unavailable)
rNeg   . . .     Faith    .     (shield currently unavailable)
rPois  x         Spirit   .     (helmet currently unavailable)
rElec  .         Reflect  .     (cloak currently unavailable)
rCorr  .         Harm     .     (gloves currently unavailable)
MR     +....                    (no barding)
Stlth  +.........               e - amulet of regeneration (curse)
                                (no ring)
                                (no ring)

@: spider-form, slowed, very slow
A: see invisible, (deformed body), (poison resistance), (slowness 0), slow
metabolism 1, spit poison 1, AC +2
a: Spit Poison, End Transformation, Heroism, Renounce Religion


You were on level 6 of the Dungeon.
You worshipped Okawaru.
Okawaru was aware of your devotion.
You were not hungry.
You were a venomous arachnid creature.
You visited 2 branches of the dungeon, and saw 7 of its levels.

You collected 252 gold pieces.
You spent 132 gold pieces at shops.

Inventory:

Hand Weapons
 f - a +2 short sword of draining (melded)
Missiles
 a - 77 arrows
Armour
 b - a +0 robe (melded)
Jewellery
 e - a cursed amulet of regeneration (around neck)
Wands
 B - a wand of digging (13/24)
Scrolls
 g - 5 scrolls of teleportation {unknown}
 h - 2 scrolls of amnesia {unknown}
 i - 7 scrolls of remove curse {unknown}
 k - 6 scrolls of identify {unknown}
 n - 2 scrolls of enchant weapon {unknown}
 o - a scroll of enchant armour {unknown}
 p - a scroll of magic mapping {unknown}
 v - 2 scrolls of blinking {unknown}
 y - a scroll of random uselessness {unknown}
Potions
 l - 5 potions of curing
 q - a potion of resistance {unknown}
 s - a potion of haste
 u - a potion of heal wounds {unknown}
 x - a potion of magic {unknown}
 z - a potion of degeneration {unknown}
 A - a potion of ambrosia {unknown}
Books
 c - a book of Changes

   Spells                             Type                      Level
   a - Beastly Appendage              Transmutation                1
   b - Sticks to Snakes               Transmutation                2
   c - Spider Form                    Transmutation/Poison         3
   d - Ice Form                       Ice/Transmutation            4
   e - Blade Hands                    Transmutation                5
Comestibles
 d - 5 bread rations
 j - 3 royal jellies
 m - a slice of pizza
 r - a beef jerky
 t - 10 fruits
 w - a meat ration
 C - 3 chunks of flesh


   Skills:
 - Level 1.0 Fighting
 - Level 1.5 Dodging
 + Level 3.5 Unarmed Combat
 - Level 5.1 Spellcasting
 - Level 7.1 Transmutations
 - Level 3.1 Poison Magic


You had 9 spell levels left.
You knew the following spells:

 Your Spells              Type           Power        Failure   Level  Hunger
a - Beastly Appendage     Tmut           ####..       4%          1    None
b - Spider Form           Tmut/Pois      ###.......   24%         3    ###....
c - Ice Form              Ice/Tmut       ##......     63%         4    ####...


Dungeon Overview and Level Annotations

Branches:
Dungeon (6/15)             Temple (1/1) D:5

Altars:
Ashenzari
Cheibriados
Dithmenos
Elyvilon
Fedhas
Gozag
Hepliaklqana
Kikubaaqudgha
Makhleb
Nemelex Xobeh
Okawaru
Qazlal
Ru
Sif Muna
Trog
Uskayaw
Vehumet
Yredelemnul
The Shining One

Shops:
D:4 **


Innate Abilities, Weirdness & Mutations

You cannot wear boots.
((Your serpentine skin is tough. (AC +2)))
You have supernaturally acute eyesight. (SInv)
((Armour fits poorly on your strangely shaped body.))
((Your system is resistant to poisons. (rPois)))
((You cover ground very slowly.))
You have a slow metabolism.
You can spit poison.


Message History

You turn into a venomous arachnid creature.
Your +2 short sword of draining melds into your body.
Your +0 robe melds into your body.
The orc shouts!
The orc hits you with a flail!
* * * LOW HITPOINT WARNING * * *
The orc barely misses you.
You bite the orc!
You kill the orc!
Okawaru accepts your kill.
You hit the orc but do no damage.
The orc is poisoned.
The orc barely misses you.
A centaur comes into view.
The centaur shouts!
You hit the orc.
The orc looks as sick as possible!
The orc is severely wounded.
You kill the orc!
Okawaru accepts your kill.
The centaur wields a shortbow.
The centaur shoots an arrow.
The arrow hits you!
You die...

........ ......#......
........ ......#.....#
########+#. .c....#.....#
..........#
......#.....######......#
..............# #......#
............###......#
####+#[).......##.......#
.......s.......##....####
...............##...#####
.............[.#.).รท.....
...............#.........
######..#......#.........
#.........^......####
#.....#+##.......# #.....#
#.......# ###+###
#..........


You could see a centaur.

Vanquished Creatures
  Duvessa (D:5)
  An ice beast (D:6)
  An ogre (D:5)
  A centaur (D:5)
  Dowan (D:5)
  2 howler monkeys
  A hound (D:6)
  4 orc wizards
  4 worker ants
  A hound skeleton (D:5)
  7 gnolls
  8 adders
  An ooze (D:1)
  2 adder skeletons (D:5)
  2 worms
  4 dart slugs
  4 leopard geckos
  20 orcs
  3 ball pythons
  2 giant cockroaches
  7 goblins
  5 hobgoblins
  2 jackals (D:5)
  6 kobolds
  3 quokkas
  5 bats
  3 frilled lizards (D:2)
  5 rats
106 creatures vanquished.

Notes
Turn   | Place    | Note
-------+----------+-------------------------------------------
     0 | D:1      | Da5id the Naga Transmuter began the quest for the Orb.
     0 | D:1      | Reached XP level 1. HP: 18/18 MP: 3/3
    86 | D:1      | Reached XP level 2. HP: 22/25 MP: 3/5
   359 | D:1      | Reached skill level 3 in Transmutations
   641 | D:1      | Reached XP level 3. HP: 25/31 MP: 4/6
   646 | D:1      | Learned a level 3 spell: Spider Form
   792 | D:2      | Found a faded altar of an unknown god.
   921 | D:2      | Reached skill level 1 in Poison Magic
  1751 | D:3      | Reached XP level 4. HP: 23/38 MP: 5/7
  2267 | D:3      | Reached skill level 4 in Transmutations
  2274 | D:3      | Reached XP level 5. HP: 35/44 MP: 5/8
  2641 | D:3      | Learned a level 4 spell: Ice Form
  2752 | D:4      | Reached skill level 5 in Transmutations
  2837 | D:4      | Reached XP level 6. HP: 33/51 MP: 6/9
  3459 | D:4      | Found Juath's Assorted Antiques.
  3467 | D:4      | Bought a scroll labeled FIB VUSOTU for 27 gold pieces
  3467 | D:4      | Bought a scroll labeled EKHLAU ASAMPEDUHE for 27 gold pieces
  3467 | D:4      | Bought a scroll labeled FIB VUSOTU for 27 gold pieces
  3467 | D:4      | Bought a metallic yellow potion for 24 gold pieces
  3467 | D:4      | Bought a scroll labeled FIB VUSOTU for 27 gold pieces
  3757 | D:4      | Reached skill level 6 in Transmutations
  3765 | D:4      | Found an opulent altar of Gozag.
  3765 | D:4      | Found Gozag's Platinum Reserve.
  3809 | D:4      | Found a glowing golden altar of the Shining One.
  4209 | D:5      | Entered Level 5 of the Dungeon
  4266 | D:5      | Found a staircase to the Ecumenical Temple.
  4298 | Temple   | Entered the Ecumenical Temple
  4365 | Temple   | Became a worshipper of Warmaster Okawaru
  4450 | D:5      | Reached skill level 7 in Transmutations
  4450 | D:5      | Reached XP level 7. HP: 37/57 MP: 6/10
  4498 | D:5      | Noticed Duvessa
  4500 | D:5      | Noticed Dowan
  4509 | D:5      | Killed Duvessa
  4523 | D:5      | Killed Dowan
  4822 | D:5      | Reached XP level 8. HP: 62/64 MP: 14/14
  5075 | D:5      | Found a hazy altar of Hepliaklqana.
  5075 | D:5      | Found a shattered altar of Ashenzari.
  5076 | D:5      | Found a sacrificial altar of Ru.
  5077 | D:5      | Found a radiant altar of Vehumet.
  5078 | D:5      | Found a snail-covered altar of Cheibriados.
  5448 | D:6      | Reached skill level 5 in Spellcasting
  5489 | D:6      | Reached * piety under Okawaru
  5499 | D:6      | Shot with an arrow by a centaur

Vault maps used:
D:1:      onia_arrival_handbag
D:2:      first_bread, chequers_ecumenical_altar_simple
D:3:      item_on_display_a
D:4:      cheibrodos_helix_gallery, tso_altar, serial_shops,
          nicolae_shop_overgrown_old_shop, nicolae_gozag_zags_fifth_avenue
D:5:      minitemple, uniq_duvessa
D:6:      grunt_temple_overflow_order_and_chaos_1
Temple:   cyrus_circular_temple

Skill      XL: |  1  2  3  4  5  6  7  8 |
---------------+-------------------------+-----
Transmutations | 3 4 5 7 |  7.1
Poison Magic   | 3 |  3.1
Spellcasting   | 4 5 |  5.1
Fighting       | |  1.0
Dodging        | |  1.5
Unarmed Combat | |  3.5

Action                   |  1- 3 |  4- 6 |  7- 9 || total
-------------------------+-------+-------+-------++-------
Melee: Unarmed           |   157 |   120 |    92 ||   369
       Headbutt          |    14 |       |       ||    14
       Short sword       |     8 |    25 |     6 ||    39
 Cast: Beastly Appendage |    28 |       |       ||    28
       Spider Form       |       |    19 |    10 ||    29
  Use: Potion            |       |     3 |     1 ||     4
 Stab: Sleeping          |     1 |       |       ||     1
  Eat: Chunk             |     3 |     9 |     3 ||    15
Armor: Robe              |    40 |     2 |     1 ||    43
       Skin              |       |    12 |     3 ||    15
Dodge: Dodged            |    89 |   162 |    77 ||   328
